Map: Coda EC

Players

AgCl - Winner!

  • Race: Protoss Protoss
  • League: Grandmaster

anonymous

  • Race: Zerg Zerg
  • League: Grandmaster

VOD

Have the link to the VOD?

Description

Time

  • Played on: July 2, 2015, 4:49 p.m.
  • Length: 10:25
Show
View Real Time Build Order
Export as new Build Order

AgCl Protoss - Winner!

Build Orders: Oracle Opening 

Get SALT Encoding   

  12  0:03  Probe  
  13  0:19  Probe  
  14  0:22  Pylon  
  14  0:27  Assimilator  
  14  0:40  Probe (Chrono Boost)  
  15  0:49  Gateway  
  15  0:52  Probe (Chrono Boost)  
  16  1:00  Probe (Chrono Boost)  
  17  1:08  Assimilator  
  17  1:09  Probe (Chrono Boost)  
  19  1:18  Probe (Chrono Boost)  
  19  1:26  Probe  
  20  1:35  Pylon  
  20  1:40  Cybernetics Core  
  20  1:41  Probe  
  21  1:53  Probe (Chrono Boost)  
  22  2:06  Probe (Chrono Boost)  
  23  2:15  Probe (Chrono Boost)  
  24  2:23  Probe  
  24  2:27  Stargate  
  24  2:29  Pylon  
  25  2:35  Probe (Chrono Boost)  
  26  2:42  Warp Gate (Chrono Boost)  
  28  2:45  Mothership Core (Chrono Boost)  
  28  2:59  Nexus  
  28  3:02  Probe  
  29  3:11  Oracle (Chrono Boost)  
  31  3:21  Pylon  
  31  3:28  Probe  
  32  3:40  Probe  
  33  3:41  Void Ray (Chrono Boost)  
  38  4:00  Fleet Beacon  
  38  4:02  Probe  
  38  4:14  Probe  
  36  4:26  Void Ray (Chrono Boost)  
  40  4:34  Protoss Air Weapons Level 1  
  40  4:39  Pylon  
  40  4:40  Forge  
  40  4:41  Probe (Chrono Boost)  
  40  4:44  Adept  
  43  4:46  Probe (Chrono Boost)  
  45  5:01  Carrier (Chrono Boost)  
  42  5:08  Probe  
  42  5:09  Assimilator  
  43  5:16  Assimilator  
  43  5:19  Probe (Chrono Boost)  
  51  5:21  Probe (Chrono Boost)  
  52  5:30  Probe (Chrono Boost)  
  52  5:31  Probe (Chrono Boost)  
  53  5:36  Probe  
  53  5:38  Gateway  
  55  5:44  Probe (Chrono Boost), Gateway  
  55  5:48  Probe (Chrono Boost)  
  56  5:50  Pylon  
  56  5:52  Photon Cannon  
  58  5:58  Probe x2 (Chrono Boost)  
  58  6:06  Probe, Stargate  
  58  6:08  Pylon  
  61  6:22  Probe (Chrono Boost), Carrier (Chrono Boost)  
  61  6:23  Probe (Chrono Boost)  
  59  6:36  Carrier (Chrono Boost)  
  62  7:25  Protoss Air Weapons Level 2 (Chrono Boost)  
  62  7:26  Probe (Chrono Boost)  
  62  7:29  Adept x2  
  67  7:35  Probe (Chrono Boost)  
  68  7:37  Photon Cannon  
  68  7:39  Mothership Core (Chrono Boost)  
  68  7:40  Void Ray  
  74  7:49  Pylon  
  74  7:55  Carrier (Chrono Boost)  
  74  7:56  Adept  
  76  8:02  Nexus  
  76  8:06  Pylon  
  76  8:08  Probe  
  83  8:13  Protoss Ground Weapons Level 1  
  83  8:15  Twilight Council  
  83  8:18  Graviton Catapult (Chrono Boost)  
  83  8:26  Oracle (Chrono Boost)  
  83  8:29  Probe, Pylon  
  83  8:31  Adept  
  83  8:32  Probe  
  91  8:41  Probe  
  91  8:44  Carrier (Chrono Boost)  
  97  9:12  Carrier (Chrono Boost)  
  97  9:13  Photon Cannon  
  97  9:14  Assimilator  
  97  9:17  Probe (Chrono Boost)  
  100  9:19  Gateway  
  100  9:21  Probe x2 (Chrono Boost)  
  100  9:28  Probe (Chrono Boost)  
  107  9:33  Probe  
  107  9:36  Dark Shrine  
  102  9:42  Stalker x2  
  102  9:43  Stalker  
  102  10:13  Probe  
  103  10:15  Zealot x2  
  103  10:16  Zealot  
Show
View Real Time Build Order
Export as new Build Order

anonymous Zerg 

Build Orders: Pool First 

Get SALT Encoding   

  12  0:01  Drone  
  13  0:08  Drone  
  14  0:17  Overlord  
  14  0:29  Extractor x2  
  14  0:30  Drone x2  
  16  0:36  Drone  
  17  0:46  Drone  
  18  0:59  Drone, Spawning Pool  
  18  1:07  Drone, Extractor  
  18  1:22  Hatchery  
  17  1:26  Drone  
  17  1:31  Drone  
  19  1:42  Drone  
  20  1:47  Queen  
  20  1:53  Overlord  
  22  2:05  Extractor  
  22  2:06  Drone  
  22  2:13  Drone  
  23  2:30  Roach Warren  
  23  2:31  Drone  
  23  2:39  Drone, Queen  
  23  2:41  Drone  
  27  2:47  Drone  
  27  2:50  Drone  
  29  3:05  Drone x5  
  34  3:07  Drone  
  35  3:18  Queen  
  36  3:26  Overlord x2  
  36  3:31  Overlord  
  36  3:43  Queen  
  36  3:44  Drone  
  36  3:45  Drone  
  36  3:46  Roach  
  42  3:50  Drone x2  
  42  3:52  Drone  
  38  4:26  Drone x4  
  38  4:28  Roach x5  
  38  4:29  Roach x2  
  56  4:56  Overlord x2  
  56  5:06  Overlord x3  
  56  5:10  Lair  
  56  5:16  Queen  
  56  5:17  Evolution Chamber  
  56  5:18  Drone x4  
  56  5:19  Drone  
  56  5:21  Extractor x2  
  61  5:22  Roach x4  
  68  5:40  Ravager x4  
  68  5:41  Ravager x4  
  76  5:48  Ravager x2  
  76  5:49  Ravager  
  79  6:19  Queen  
  79  6:21  Drone x2  
  79  6:22  Drone x5  
  88  6:35  Hatchery  
  54  7:33  Spire  
  54  7:34  Zerg Missile Weapons Level 1  
  54  7:35  Queen x2  
  57  7:50  Drone x6  
  57  7:51  Drone  
  64  7:52  Drone  
  64  7:53  Queen  
  67  8:00  Hydralisk Den  
  67  8:03  Drone x11  
  77  8:10  Queen  
  77  8:11  Queen  
  81  8:17  Spore Crawler, Drone x2  
  76  8:51  Corruptor  
  76  8:52  Corruptor x7  
  76  8:53  Corruptor x2  
  86  9:15  Hydralisk  
  81  9:18  Overlord x5  
  61  9:53  Mutalisk  
  61  9:54  Mutalisk x6  
  61  9:55  Mutalisk x2  
Tags
 
Add a new tag
Caveats
  • Supply blocks, unpowered buildings, or Contaminate may cause inaccurate times.
  • Supply counts are checked every 10 seconds.